 Dungeon Crawl Stone Soup version 0.24-a0-584-g9d6b971ae4 (webtiles) character file.

Game seed: 62025023632319791, levelgen mode: deterministic

1191 Mithandil the Ruffian (level 8, -1/79 HPs)
             Began as a Troll Monk on Sept 5, 2019.
             Was a Believer of Wu Jian.
             Slain by a jelly (3 damage)
             ... on level 7 of the Dungeon.
             The game lasted 00:23:45 (4114 turns).

Mithandil the Ruffian (Troll Monk)                  Turns: 4114, Time: 00:23:45

Health: -1/79      AC: -2    Str: 25    XL:     8   Next: 20%
Magic:  8/8        EV: 12    Int:  6    God:    Wu Jian [**....]
Gold:   285        SH:  0    Dex: 16    Spells: 9/9 levels left

rFire    . . .     SeeInvis .     - Unarmed
rCold    . . .     Gourm    +   (no shield)
rNeg     . . .     Faith    .   a - +0 robe
rPois    +         Spirit   .   (helmet restricted)
rElec    .         Reflect  .   (no cloak)
rCorr    .         Harm     .   (gloves unavailable)
MR       ++...     Rnd*Tele +   (boots unavailable)
Stlth    +++.......             (no amulet)
HPRegen  0.63/turn              h - +5 ring of strength
MPRegen  0.11/turn              r - ring of protection from magic

@: corroded
A: large, unfitting armour, claws 3, thin skeletal structure 1, fast metabolism
3, gourmand, magic resistance 1, poison resistance, regeneration 1, shaggy fur
1, teleportitis 1, tough skin 3, subdued magic 1
a: Wall Jump, Renounce Religion


You were on level 7 of the Dungeon.
You worshipped Wu Jian.
Wu Jian was pleased with you.
You were full.

You visited 2 branches of the dungeon, and saw 8 of its levels.

You collected 285 gold pieces.

Inventory:

Hand Weapons
 b - a +0 hunting sling of velocity
 c - a +0 trident
 z - a +0 longbow
 D - a +0 short sword of holy wrath
 H - a +0 lajatang
Missiles
 d - 32 bolts
 f - 238 stones
 g - 36 poisoned darts (quivered)
 k - 4 javelins
 l - 16 arrows
 n - 6 boomerangs
Armour
 a - a +0 robe (worn)
Jewellery
 e - an uncursed ring of protection from fire
 h - a +5 ring of strength (left claw)
 m - an uncursed ring of ice
 r - a ring of protection from magic (right claw)
 C - an uncursed ring of fire
Wands
 q - a wand of disintegration (16)
 w - a wand of enslavement (9)
 y - a wand of polymorph (2)
 A - a wand of flame (23)
 B - a wand of digging (8)
 G - a wand of paralysis (15)
Scrolls
 j - 4 scrolls of teleportation
 o - a scroll of remove curse
 s - 2 scrolls of magic mapping
 v - a scroll of fog
 E - 2 scrolls of identify
Potions
 i - 6 potions of lignification
 t - 2 potions of berserk rage
 u - 2 potions of curing
 x - a potion of haste
Comestibles
 p - 13 rations
 F - 2 chunks of flesh


   Skills:
 * Level 4.8 Fighting
 + Level 3.0 Throwing
 + Level 3.7 Dodging
 + Level 2.4 Stealth
 * Level 5.9 Unarmed Combat
 - Level 1.0 Spellcasting


You had 9 spell levels left.
You didn't know any spells.
Your spell library was empty.

Dungeon Overview and Level Annotations

Branches:
Dungeon (7/15)             Temple (1/1) D:4

Altars:
Cheibriados
Dithmenos
Elyvilon
Fedhas
Gozag
Hepliaklqana
Kikubaaqudgha
Makhleb
Nemelex Xobeh
Okawaru
Ru
Sif Muna
Trog
Uskayaw
Vehumet
Wu Jian
Yredelemnul
Zin
The Shining One


Innate Abilities, Weirdness & Mutations

You are too large for most types of armour.
You have claws for hands.
Your metabolism is lightning-fast.
You like to eat raw meat.
Your natural rate of healing is unusually fast.
You are covered in fur. (AC +1)
You have extremely tough skin. (AC +3)
You have a somewhat thin skeletal structure. (Dex +2, Stealth)
You are resistant to hostile enchantments. (MR+)
Your system is resistant to poisons. (rPois)
You are occasionally teleported next to monsters.
Your spells are a little easier to cast, but a little less powerful.


Message History

You scratch the jelly but do no damage. The acid corrodes you!
Your claws burn!
* * * LOW HITPOINT WARNING * * *
The jelly hits you.
* * * LOW HITPOINT WARNING * * *
The acid corrodes you!
You are splashed with acid!
* * * LOW HITPOINT WARNING * * *
The orc hits you with a +0 dagger.
* * * LOW HITPOINT WARNING * * *
You barely miss the jelly.
The jelly jiggles.
The jelly closely misses you.
You spin and attack the jelly repeatedly.
You scratch the jelly.
Your claws burn!
* * * LOW HITPOINT WARNING * * *
The jelly is moderately wounded.
You claw the jelly!
Your claws burn!
* * * LOW HITPOINT WARNING * * *
The jelly is severely wounded.
The jelly hits you.
You die...

.. +... .. >
...#... #.#.###
...#...##.#.#..
#..........#.#
#..........#.#
#..........#.###
#?.........#...
#.....@J...#.###.#
#####..o..).<....#
#...).########
#....)+ #.....#
#.....# #.....#
#......# ....?####


You could see a jelly (pinned) and an orc.

Vanquished Creatures
  Grinder (D:5)
  An ice beast (D:4)
  2 ogres
  2 scorpions (D:5)
  A howler monkey (D:4)
  2 crimson imps
  An orc priest (D:4)
  A centaur skeleton (D:4)
  A hound (D:4)
  A jelly (D:5)
  4 orc wizards
  3 worker ants (D:4)
  Robin (D:2)
  4 gnolls (D:3)
  5 adders
  A shadow imp (D:5)
  2 worms (D:2)
  5 leopard geckos
  15 orcs
  8 giant cockroaches
  13 goblins
  10 hobgoblins
  11 jackals
  2 quokkas
  4 bats
  2 frilled lizards
  A jackal zombie (D:5)
  7 kobolds
  A leopard gecko skeleton (D:4)
  9 rats
121 creatures vanquished.

Notes
Turn   | Place    | Note
-------+----------+-------------------------------------------
     0 | D:1      | Mithandil the Troll Monk began the quest for the Orb.
     0 | D:1      | Reached XP level 1. HP: 22/22 MP: 0/0
   139 | D:1      | Reached XP level 2. HP: 29/29 MP: 1/1
   185 | D:2      | Found an ancient bone altar of Kikubaaqudgha.
   478 | D:2      | Found a glowing silver altar of Zin.
   642 | D:1      | Reached XP level 3. HP: 24/36 MP: 2/2
  1066 | D:2      | Found a shadowy altar of Dithmenos.
  1148 | D:2      | Found a burning altar of Makhleb.
  1166 | D:2      | Noticed Robin
  1185 | D:2      | Killed Robin
  1185 | D:2      | Reached XP level 4. HP: 27/44 MP: 3/3
  1345 | D:2      | Reached skill level 1 in Throwing
  1445 | D:4      | Noticed an ogre
  1521 | D:2      | Found a sacrificial altar of Ru.
  1576 | D:2      | Gained mutation: Your spells are a little easier to cast,
                  | but a little less powerful. [potion of mutation]
  1576 | D:2      | Gained mutation: You have a somewhat thin skeletal
                  | structure. (Dex +2, Stealth) [potion of mutation]
  1576 | D:2      | Gained mutation: You are agile. (Dex +2) [potion of
                  | mutation]
  1618 | D:3      | Reached skill level 4 in Unarmed Combat
  1618 | D:3      | Reached XP level 5. HP: 42/53 MP: 3/5
  1721 | D:3      | Found a sparkling altar of Nemelex Xobeh.
  1756 | D:3      | Reached skill level 1 in Spellcasting
  2083 | D:4      | Found a staircase to the Ecumenical Temple.
  2088 | D:4      | Reached XP level 6. HP: 49/61 MP: 6/6
  2113 | Temple   | Entered the Ecumenical Temple
  2217 | Temple   | Became a worshipper of the Wu Jian Council
  2217 | Temple   | Reached * piety under Wu Jian
  2217 | Temple   | Reached ** piety under Wu Jian
  2365 | D:4      | Found a blossoming altar of Fedhas.
  2521 | D:4      | Found a basalt altar of Yredelemnul.
  2715 | D:4      | Noticed an ice beast
  2731 | D:4      | Killed an ice beast
  2731 | D:4      | Reached XP level 7. HP: 39/70 MP: 7/7
  2748 | D:5      | Entered Level 5 of the Dungeon
  2868 | D:4      | Reached skill level 5 in Unarmed Combat
  3245 | D:5      | Noticed Grinder
  3246 | D:5      | Paralysed by Grinder for 5 turns
  3298 | D:5      | Killed Grinder
  3463 | D:5      | Found a shimmering blue altar of Sif Muna.
  3564 | D:5      | Reached XP level 8. HP: 65/79 MP: 8/8
  3592 | D:5      | Lost mutation: You are agile. (Dex +2) [potion of mutation]
  3592 | D:5      | Gained mutation: You are occasionally teleported next to
                  | monsters. [potion of mutation]
  3592 | D:5      | Gained mutation: You are resistant to hostile enchantments.
                  | (MR+) [potion of mutation]
  3592 | D:5      | Gained mutation: Your system is resistant to poisons.
                  | (rPois) [potion of mutation]
  3975 | D:6      | Noticed a death knight
  3975 | D:6      | Noticed a freezing wraith
  4055 | D:6      | Found a hazy altar of Hepliaklqana.
  4064 | D:6      | Found a bloodstained altar of Trog.
  4114 | D:7      | HP: 3/79 [acid (4)]
  4114 | D:7      | Slain by a jelly

Levels and vault maps discovered:
D:1:      dpeg_arrival_windows_large_door, layout_loops_ring, minmay_octomino_j4
D:2:      layout_rooms, lemuel_crystal_altar, nicolae_overflow_crystal_walls,
          marbit_many_paths, nicolae_dithmenos_shadow_blocks, zin_statuary,
          kennysheep_generic_room_15, uniq_robin
D:3:      layout_rooms, lemuel_doored_altar, minivault_24
D:4:      layout_basic, nicolae_overflow_hidden_temple,
          minmay_temple_entry_fiery, first_ration, fedhas_altar_fruit_tree
D:5:      layout_basic, overflow_temple_1_default, minmay_misc_feat_hallway,
          uniq_grinder
D:6:      layout_gridville, lemuel_crystal_altar, grunt_ministairs_1,
          bloody_trog, uniq_eustachio
D:7:      layout_basic, gammafunk_ghost_cemetery
Temple:   nicolae_temple_figure_zero

Skill      XL: |  1  2  3  4  5  6  7  8 |
---------------+-------------------------+-----
Throwing       | 1 2 3 |  3.0
Fighting       | 3 4 |  4.8
Unarmed Combat | 4 5 |  5.9
Spellcasting   | 1 |  1.0
Dodging        | 3 |  3.7
Stealth        | 2 |  2.4

Action                   |  1- 3 |  4- 6 |  7- 9 || total
-------------------------+-------+-------+-------++-------
Melee: Unarmed           |   114 |   149 |    96 ||   359
       Punch             |     2 |     3 |     3 ||     8
Invok: Whirlwind         |       |    30 |    34 ||    64
       Lunge             |       |     4 |     4 ||     8
  Use: Potion            |     2 |     2 |     5 ||     9
       Scroll            |     3 |     4 |     4 ||    11
 Stab: Sleeping          |       |     5 |     2 ||     7
  Eat: Chunk             |    16 |    15 |     8 ||    39
Armor: Robe              |    62 |    59 |    13 ||   134
Dodge: Dodged            |    68 |    76 |    36 ||   180

Table legend:
 A = Non-vault XP
 B = Vault XP
 C = Vault XP percentage of total XP
 D = Non-vault monster count
 E = Vault monster count
 F = Vault count percentage of total count
                 A         B        C        D         E       F
            +---------+---------+-------+---------+---------+-------
      Total |    1365 |     337 |  19.8 |     103 |      18 |  14.9
            +---------+---------+-------+---------+---------+-------
        D:1 |      35 |       6 |  14.6 |      22 |       3 |  12.0
        D:2 |      52 |      39 |  42.9 |      13 |      13 |  50.0
        D:3 |     133 |       0 |   0.0 |      21 |       0 |   0.0
        D:4 |     650 |       0 |   0.0 |      27 |       0 |   0.0
        D:5 |     307 |     290 |  48.6 |      14 |       1 |   6.7
        D:6 |      66 |       2 |   2.9 |       3 |       1 |  25.0
        D:7 |     122 |       0 |   0.0 |       3 |       0 |   0.0
            +---------+---------+-------+---------+---------+-------
